[ AOE2 MATCH · #506514578 ]
UnrankedTurks vs Dravidians
Player's team · LOSS
[ REPLAY ANALYSIS · EXTRACTED FROM THE RECORDED GAME ]
Feudal
9:43
Castle
24:31
Imperial
43:59
| APM avg | 26.8 |
| APM peak | 57 |
| eAPM avg | 14.6 |
| Villagers / military | 156 / 192 |
Focus
⚔️ 25.6% · 🌾 74.4%
Scout Cavalry ×67 · Camel Scout ×62 · Janissary ×31 · Archer ×10 · Militia ×6 · Bombard Cannon ×6
Feudal
11:53
Castle
16:48
Imperial
51:31
| APM avg | 34.8 |
| APM peak | 74 |
| eAPM avg | 17.0 |
| Villagers / military | 179 / 302 |
Focus
⚔️ 31.9% · 🌾 68.1%
Elephant Archer ×261 · Armored Elephant ×28 · Scorpion ×6 · Mangonel ×5 · Monk ×1 · Archer ×1
Match map
Initial resources + every placement click. Lines = walls · curves = elevation contours. ◆ gold · ⬟ stone · ● berries · ✦ relic · ◌ wall gap
Your base· Open — opponent sealed themselves in
Atlicious's base· ✓ Closed at 16:48 · 54t walls · no gate
Smoothed initial terrain · ◌ = detected wall gap · hover for details
Inputs per minute
— Kinait - - Atlicious
Build order — Kinait
First 150 of 466 actions detected
| 0:01 | Queue | Villager (Male) |
| 0:01 | Queue | Villager (Male) |
| 0:01 | Queue | Villager (Male) |
| 0:02 | Build | House |
| 0:04 | Build | House |
| 0:12 | Queue | Villager (Male) |
| 1:23 | Queue | Villager (Male) |
| 1:52 | Queue | Villager (Male) |
| 1:52 | Queue | Villager (Male) |
| 2:07 | Build | Lumber Camp |
| 2:20 | Queue | Villager (Male) |
| 2:20 | Queue | Villager (Male) |
| 2:30 | Queue | Villager (Male) |
| 2:48 | Build | House |
| 3:03 | Queue | Villager (Male) |
| 3:31 | Queue | Villager (Male) |
| 3:32 | Queue | Villager (Male) |
| 4:13 | Queue | Villager (Male) |
| 4:14 | Queue | Villager (Male) |
| 4:31 | Queue | Villager (Male) |
| 4:50 | Queue | Villager (Male) |
| 4:53 | Queue | Villager (Male) |
| 5:08 | Build | Mill |
| 5:27 | Queue | Villager (Male) |
| 6:02 | Queue | Villager (Male) |
| 6:41 | Queue | Villager (Male) |
| 6:50 | Build | Barracks |
| 6:54 | Research | Loom |
| 6:59 | Build | House |
| 7:32 | Research | Feudal Age |
| 7:32 | Research | Feudal Age |
| 7:43 | Queue | Militia |
| 7:43 | Queue | Militia |
| 8:06 | Queue | Militia |
| 8:10 | Build | Mining Camp |
| 8:39 | Queue | Militia |
| 8:51 | Build | Mining Camp |
| 9:24 | Queue | Militia |
| 9:33 | Build | House |
| 9:39 | Queue | Villager (Male) |
| 9:43 | Queue | Militia |
| 9:43 | Age | Feudal Age |
| 10:11 | Research | Man-at-Arms (upgrade) |
| 10:30 | Queue | Villager (Male) |
| 10:54 | Build | Watch Tower |
| 10:57 | Queue | Villager (Male) |
| 11:06 | Queue | Villager (Male) |
| 11:12 | Build | House |
| 11:40 | Queue | Villager (Male) |
| 11:47 | Build | Palisade Wall |
| 11:51 | Build | Palisade Wall |
| 12:11 | Queue | Villager (Male) |
| 12:18 | Build | Blacksmith |
| 12:41 | Queue | Villager (Male) |
| 12:55 | Queue | Villager (Male) |
| 12:57 | Build | Farm |
| 13:03 | Queue | Villager (Male) |
| 13:06 | Build | House |
| 13:09 | Research | Fletching |
| 13:59 | Build | Watch Tower |
| 14:01 | Queue | Villager (Male) |
| 14:04 | Build | Farm |
| 14:19 | Research | Scale Mail Armor |
| 14:37 | Build | House |
| 14:40 | Queue | Villager (Male) |
| 15:05 | Build | Watch Tower |
| 15:07 | Queue | Villager (Male) |
| 15:10 | Build | Farm |
| 15:31 | Queue | Villager (Male) |
| 15:57 | Queue | Villager (Male) |
| 16:07 | Build | Archery Range |
| 16:25 | Queue | Villager (Male) |
| 16:27 | Build | Farm |
| 16:51 | Queue | Villager (Male) |
| 16:55 | Queue | Archer |
| 16:55 | Queue | Archer |
| 17:22 | Queue | Archer |
| 17:34 | Queue | Villager (Male) |
| 17:38 | Build | Farm |
| 17:38 | Build | Farm |
| 17:39 | Queue | Villager (Male) |
| 17:46 | Queue | Archer |
| 17:55 | Queue | Archer |
| 18:09 | Build | Watch Tower |
| 18:13 | Queue | Archer |
| 18:22 | Queue | Villager (Male) |
| 19:16 | Queue | Villager (Male) |
| 19:18 | Build | Farm |
| 19:26 | Build | Lumber Camp |
| 19:52 | Queue | Villager (Male) |
| 20:35 | Build | Market |
| 21:06 | Queue | Archer |
| 21:51 | Research | Castle Age |
| 21:52 | Research | Castle Age |
| 21:53 | Build | Farm |
| 22:13 | Build | House |
| 22:32 | Build | Mining Camp |
| 22:33 | Queue | Archer |
| 22:54 | Build | Farm |
| 22:57 | Research | Horse Collar |
| 23:00 | Research | Double-Bit Axe |
| 23:00 | Research | Double-Bit Axe |
| 24:27 | Build | House |
| 24:31 | Age | Castle Age |
| 24:33 | Queue | Villager (Male) |
| 24:39 | Build | Stable |
| 25:00 | Build | Town Center |
| 25:03 | Queue | Villager (Male) |
| 25:08 | Build | Farm |
| 25:18 | Research | Crossbowman (upgrade) |
| 25:30 | Queue | Villager (Male) |
| 25:45 | Queue | Villager (Male) |
| 26:01 | Queue | Knight |
| 26:12 | Build | House |
| 26:41 | Build | Castle |
| 26:45 | Queue | Archer |
| 26:45 | Queue | Archer |
| 26:46 | Queue | Villager (Male) |
| 26:49 | Build | Farm |
| 26:51 | Queue | Villager (Male) |
| 26:56 | Build | Farm |
| 27:02 | Build | House |
| 27:06 | Queue | Knight |
| 27:29 | Build | Farm |
| 27:29 | Build | Farm |
| 27:33 | Build | Farm |
| 27:40 | Build | House |
| 27:54 | Queue | Villager (Male) |
| 27:55 | Queue | Villager (Male) |
| 28:09 | Queue | Villager (Male) |
| 28:19 | Build | House |
| 28:25 | Queue | Villager (Male) |
| 28:38 | Build | Farm |
| 28:38 | Build | Farm |
| 28:39 | Build | Farm |
| 28:57 | Queue | Villager (Male) |
| 28:57 | Queue | Villager (Male) |
| 29:01 | Build | House |
| 29:04 | Queue | Villager (Male) |
| 29:06 | Queue | Villager (Male) |
| 29:14 | Build | Siege Workshop |
| 29:29 | Research | Bodkin Arrow |
| 29:35 | Build | Farm |
| 29:43 | Queue | Villager (Male) |
| 29:44 | Queue | Villager (Male) |
| 29:54 | Queue | Janissary |
| 29:54 | Queue | Janissary |
| 29:59 | Queue | Mangonel |
| 30:03 | Build | House |
| 30:04 | Build | House |
Build order — Atlicious
First 150 of 517 actions detected
| 0:01 | Queue | Villager (Male) |
| 0:01 | Queue | Villager (Male) |
| 0:02 | Queue | Villager (Male) |
| 0:02 | Queue | Villager (Male) |
| 0:05 | Build | House |
| 0:07 | Build | House |
| 1:26 | Queue | Villager (Male) |
| 1:26 | Queue | Villager (Male) |
| 1:49 | Build | Lumber Camp |
| 1:55 | Queue | Villager (Male) |
| 2:15 | Queue | Villager (Male) |
| 2:15 | Queue | Villager (Male) |
| 2:56 | Queue | Villager (Male) |
| 3:09 | Build | House |
| 3:13 | Build | House |
| 3:21 | Queue | Villager (Male) |
| 3:21 | Queue | Villager (Male) |
| 3:53 | Queue | Villager (Male) |
| 3:54 | Queue | Villager (Male) |
| 3:54 | Queue | Villager (Male) |
| 4:24 | Queue | Villager (Male) |
| 5:03 | Queue | Villager (Male) |
| 5:04 | Queue | Villager (Male) |
| 5:16 | Queue | Villager (Male) |
| 6:12 | Build | Mill |
| 6:17 | Queue | Villager (Male) |
| 6:18 | Queue | Villager (Male) |
| 6:42 | Queue | Villager (Male) |
| 6:42 | Queue | Villager (Male) |
| 6:53 | Queue | Villager (Male) |
| 6:59 | Build | House |
| 7:14 | Queue | Villager (Male) |
| 7:16 | Queue | Villager (Male) |
| 7:34 | Queue | Villager (Male) |
| 7:35 | Queue | Villager (Male) |
| 8:02 | Build | Palisade Wall |
| 8:41 | Build | Palisade Wall |
| 8:56 | Queue | Villager (Male) |
| 9:07 | Build | Palisade Wall |
| 9:17 | Research | Loom |
| 9:17 | Research | Feudal Age |
| 9:41 | Build | Palisade Wall |
| 9:54 | Queue | Villager (Male) |
| 10:09 | Build | House |
| 10:17 | Build | Farm |
| 10:20 | Build | Farm |
| 10:22 | Build | Farm |
| 10:25 | Build | Farm |
| 11:03 | Queue | Villager (Male) |
| 11:15 | Queue | Villager (Male) |
| 11:32 | Build | Mining Camp |
| 11:43 | Build | Mining Camp |
| 11:48 | Queue | Villager (Male) |
| 11:53 | Age | Feudal Age |
| 12:06 | Build | Blacksmith |
| 12:16 | Build | House |
| 12:32 | Build | Watch Tower |
| 13:14 | Build | Market |
| 13:23 | Queue | Villager (Male) |
| 14:08 | Research | Castle Age |
| 15:00 | Build | Watch Tower |
| 15:06 | Queue | Villager (Male) |
| 15:07 | Queue | Villager (Male) |
| 15:23 | Build | Farm |
| 15:27 | Build | Farm |
| 16:32 | Queue | Villager (Male) |
| 16:48 | Age | Castle Age |
| 16:51 | Build | Siege Workshop |
| 17:01 | Queue | Villager (Male) |
| 17:03 | Build | House |
| 17:04 | Build | House |
| 17:20 | Queue | Mangonel |
| 17:32 | Queue | Villager (Male) |
| 17:41 | Build | Mining Camp |
| 18:19 | Queue | Mangonel |
| 18:43 | Queue | Villager (Male) |
| 19:37 | Queue | Mangonel |
| 19:42 | Queue | Villager (Male) |
| 19:42 | Queue | Villager (Male) |
| 19:46 | Build | Farm |
| 19:53 | Build | Farm |
| 20:27 | Queue | Villager (Male) |
| 20:27 | Queue | Villager (Male) |
| 21:05 | Queue | Mangonel |
| 21:06 | Queue | Villager (Male) |
| 21:06 | Queue | Villager (Male) |
| 21:23 | Build | Farm |
| 21:24 | Build | Farm |
| 21:24 | Build | Farm |
| 21:24 | Build | Farm |
| 22:02 | Build | Farm |
| 22:06 | Build | Farm |
| 22:07 | Build | Farm |
| 22:08 | Build | Farm |
| 22:28 | Queue | Villager (Male) |
| 22:29 | Queue | Villager (Male) |
| 22:29 | Queue | Villager (Male) |
| 23:47 | Queue | Scorpion |
| 23:53 | Queue | Villager (Male) |
| 23:54 | Queue | Villager (Male) |
| 23:54 | Queue | Villager (Male) |
| 23:54 | Queue | Villager (Male) |
| 24:16 | Build | Farm |
| 24:16 | Build | Farm |
| 24:17 | Build | Farm |
| 24:17 | Build | Farm |
| 24:17 | Build | Farm |
| 24:18 | Build | Farm |
| 24:31 | Queue | Villager (Male) |
| 24:49 | Queue | Scorpion |
| 24:54 | Queue | Villager (Male) |
| 24:55 | Queue | Villager (Male) |
| 25:57 | Build | Town Center |
| 26:11 | Queue | Villager (Male) |
| 26:11 | Queue | Villager (Male) |
| 26:37 | Queue | Scorpion |
| 26:41 | Queue | Villager (Male) |
| 26:41 | Queue | Villager (Male) |
| 26:46 | Queue | Villager (Male) |
| 26:51 | Queue | Villager (Male) |
| 26:51 | Queue | Villager (Male) |
| 27:00 | Build | Lumber Camp |
| 27:27 | Queue | Villager (Male) |
| 27:27 | Queue | Villager (Male) |
| 27:28 | Queue | Villager (Male) |
| 27:45 | Queue | Villager (Male) |
| 27:46 | Queue | Villager (Male) |
| 27:51 | Queue | Villager (Male) |
| 27:51 | Queue | Villager (Male) |
| 27:52 | Queue | Villager (Male) |
| 27:57 | Build | Farm |
| 27:57 | Build | Farm |
| 27:57 | Build | Farm |
| 27:58 | Build | Farm |
| 27:58 | Build | Farm |
| 27:58 | Build | Farm |
| 27:58 | Build | Farm |
| 27:59 | Build | Farm |
| 28:11 | Queue | Scorpion |
| 28:19 | Build | House |
| 28:20 | Build | House |
| 28:21 | Build | House |
| 28:50 | Queue | Villager (Male) |
| 29:01 | Queue | Scorpion |
| 29:03 | Queue | Villager (Male) |
| 29:03 | Queue | Villager (Male) |
| 29:06 | Queue | Villager (Male) |
| 29:06 | Queue | Villager (Male) |
| 29:12 | Build | Farm |
| 29:17 | Build | Farm |
Match timeline
| 6:50 | Kinait · first_building Barracks |
| 8:02 | Atlicious · wall_segment Palisade Wall x15 |
| 8:41 | Atlicious · wall_segment Palisade Wall x12 |
| 9:07 | Atlicious · wall_segment Palisade Wall x8 |
| 9:41 | Atlicious · wall_segment Palisade Wall x19 |
| 9:43 | Kinait · age_up feudal |
| 11:47 | Kinait · wall_segment Palisade Wall x1 |
| 11:51 | Kinait · wall_segment Palisade Wall x1 |
| 11:53 | Atlicious · age_up feudal |
| 14:04 | Atlicious · first_market_sell 100 food |
| 14:53 | Atlicious · first_market_buy 100 stone |
| 16:07 | Kinait · first_building Archery Range |
| 16:48 | Atlicious · age_up castle |
| 16:51 | Atlicious · first_building Siege Workshop |
| 24:31 | Kinait · age_up castle |
| 24:39 | Kinait · first_building Stable |
| 26:41 | Kinait · first_building Castle |
| 29:14 | Kinait · first_building Siege Workshop |
| 29:28 | Kinait · first_market_buy 100 food |
| 30:55 | Atlicious · first_building Barracks |
| 32:00 | Atlicious · first_building Archery Range |
| 34:40 | Kinait · first_building Monastery |
| 40:46 | Kinait · first_market_sell 500 food |
| 42:43 | Kinait · wall_segment Palisade Wall x1 |
| 43:59 | Kinait · age_up imperial |
| 49:40 | Atlicious · first_building Stable |
| 51:31 | Atlicious · age_up imperial |
| 65:43 | Atlicious · first_building Monastery |
| 68:12 | Kinait · resign |
[ AI ANALYSIS · 1 CREDIT ]
What really happened in this match?
Wolo.gg analyzes every decision: build order, eco, micro, common mistakes by bracket. Personalized analysis on WhatsApp or Discord in 30 seconds.
Civ guide
Turks
Perfil
Jugador #87898